AoeStats
← el_mulo

Arena

504431653Analyzed
2v2 RM · 27d ago on Sep 5, 2026· 37m 57s· 4 players
Game mode
Random Map
Map size
Medium (4 player)
Population
200
Speed
Normal
Resources
Standard
Victory
Conquest
Starting age
Dark Age
Ending age
Imperial Age
RankedLock teamsTeams togetherTeam positionsShared explorationLock speedFull tech treeHidden civsTurbo modeCheats
Victory
Defeat
🇪🇸 Khitans · Spain
857
+15
🇪🇸 Bohemians · Spain
785
+19
🇯🇵 Persians · Japan
853
-17
🇩🇪 Koreans · Germany
832
-17
el_mulo
10:07 Feudal Age
10:30 Domestication
10:37 Double-Bit Axe
19:21 Castle Age
17:47 Forging
18:42 Scale Mail Armor
19:15 Scale Barding Armor
20:47 Gold Mining
20:48 Stone Mining
20:49 Loom
21:33 Pastoralism
24:49 Bow Saw
26:11 Squires
26:38 Elite Skirmisher
28:27 Wheelbarrow
31:29 Hand Cart
31:01 Town Watch
31:18 Arson
31:22 Gambesons
32:15 Iron Casting
35:24 Imperial Age
33:07 Caravan
34:31 Lamellar Armor
36:32 Chain Mail Armor
36:33 Masonry
37:29 Two-Man Saw
37:21 Conscription
38:32 Plate Mail Armor
Scipion_25
8:23 Loom
12:24 Feudal Age
17:39 Castle Age
17:02 Double-Bit Axe
17:03 Horse Collar
18:13 Wheelbarrow
19:05 Bow Saw
19:47 Heavy Plow
22:15 Fletching
22:54 Hand Cart
25:34 Murder Holes
28:49 Ballistics
32:33 Imperial Age
31:33 Chemistry
31:01 Fletching
31:58 Bodkin Arrow
33:31 Padded Archer Armor
Synk°
6:03 Loom
12:29 Feudal Age
13:02 Double-Bit Axe
22:09 Castle Age
20:31 Fletching
22:23 Crossbowman
23:12 Thumb Ring
24:15 Bodkin Arrow
36:39 Imperial Age
スサノオ
0:50 Loom
10:01 Feudal Age
11:26 Horse Collar
11:37 Double-Bit Axe
13:43 Stone Mining
16:34 Town Watch
18:50 Wheelbarrow
21:57 Castle Age
20:38 Gold Mining
22:02 Light Cavalry
23:13 Bloodlines
23:03 Husbandry
24:04 Bow Saw
24:24 Heavy Plow
25:54 Fervor
31:21 Herbal Medicine
31:28 Devotion
35:02 Imperial Age
33:11 Hand Cart
33:15 Town Patrol
34:17 Stone Shaft Mining
34:48 Kamandaran
35:19 Ballistics
35:12 Masonry
34:54 Fletching
35:07 Padded Archer Armor
36:33 Chemistry
35:45 Masonry
36:20 Conscription
37:06 Two-Man Saw
36:38 Crop Rotation
35:35 Crossbowman
36:26 Thumb Ring
37:21 Gold Shaft Mining
37:18 Bodkin Arrow
37:40 Leather Archer Armor
37:46 Cavalier
Connection lost

Rejoining the realm…

Still unreachable

The connection could not be restored.

Session expired

The server has moved on; the page needs a fresh start.